 Dungeon Crawl Stone Soup version 0.27.0-1-g7a089689b8 (webtiles) character file.

Game seed: 3544409567773452322

98 pkoi the Chopper (level 4, -2/35 (37) HPs)
             Began as a Minotaur Gladiator on Aug 13, 2021.
             Was a Follower of Cheibriados.
             Slain by a wight (13 damage)
             ... on level 2 of the Dungeon.
             The game lasted 00:02:18 (2207 turns).

pkoi the Chopper (Minotaur Gladiator)               Turns: 2207, Time: 00:02:19

HP:   -2/35 (37)    AC:  3    Str: 23    XL:     4   Next: 44%
MP:   3/3           EV: 12    Int:  8    God:    Cheibriados [*.....]
Gold: 32            SH:  0    Dex: 14    Spells: 3/3 levels left

rFire    . . .     SeeInvis .   a - +0 war axe
rCold    . . .     Faith    .   (no shield)
rNeg     . . .     Spirit   .   b - +0 leather armour
rPois    .         Reflect  .   c - +0 hat
rElec    .         Harm     .   (no cloak)
rCorr    .         Rampage  .   (no gloves)
Will     .....                  (no boots)
Stlth    +.........             (no amulet)
HPRegen  0.11/turn              (no ring)
MPRegen  0.08/turn              (no ring)

@: drained, very slow
A: horns 2, retaliatory headbutt
a: Renounce Religion, Bend Time


You were on level 2 of the Dungeon.
You worshipped Cheibriados.
Cheibriados was aware of your devotion.
You visited 1 branch of the dungeon, and saw 3 of its levels.

You collected 32 gold pieces.

Inventory:

Hand Weapons
 a - a +0 war axe (weapon)
Missiles
 d - 3 throwing nets (quivered)
Armour
 b - a +0 leather armour (worn)
 c - a +0 hat (worn)
Jewellery
 m - a ring of flight
 o - a ring of magical power
Scrolls
 f - 2 scrolls of immolation {unknown}
 h - a scroll of teleportation {unknown}
 k - a scroll of enchant weapon {unknown}
 l - a scroll of blinking {unknown}
 n - a scroll of noise {unknown}
Potions
 e - a potion of invisibility
 g - a potion of attraction {unknown}
 i - a potion of might {unknown}
 j - a potion of mutation {unknown}


   Skills:
 - Level 2.4 Fighting
 - Level 5.6 Axes
 - Level 2.0 Throwing
 - Level 3.2 Dodging
 + Level 1.7 Unarmed Combat
 + Level 1.3 Invocations


You had 3 spell levels left.
You didn't know any spells.
Your spell library was empty.

Dungeon Overview and Level Annotations

Branches:
Dungeon (3/15)

Altars:
Cheibriados


Innate Abilities, Weirdness & Mutations

You have a pair of horns on your head.
You reflexively headbutt those who attack you in melee.


Message History

The ball python hisses angrily.
The wight barely misses you. The wight closely misses you.
The ball python barely misses you. The ball python closely misses you.
There is a stone staircase leading up here.
The ball python closely misses you. The ball python misses you.
The wight hits you with a +2 spear. The wight barely misses you.
The ball python closely misses you. The ball python grabs you.
You stop ascending the stairs.
The ball python constricts you.
You hit the ball python.
The ball python is severely wounded.
You barely miss the wight. The wight closely misses you.
You furiously retaliate!
You headbutt the wight. The ball python barely misses you.
You furiously retaliate!
You headbutt the ball python!
You kill the ball python!
Cheibriados thoroughly appreciates the change of pace.
The wight barely misses you. x2; You furiously retaliate!
You headbutt the wight! You hit the wight.
The wight is almost destroyed.
The wight closely misses you. The wight hits you with a +2 spear!
You feel drained.
Unknown command.
You barely miss the wight.
The wight is almost destroyed.
The wight barely misses you. The wight hits you with a +2 spear!
Unknown command.
You are too injured to fight recklessly!
You are too injured to fight recklessly!
The wight closely misses you. x2
You climb upwards.
There is a stone staircase leading down here.
You hit the wight but do no damage.
The wight is almost destroyed.
The wight closely misses you. You furiously retaliate!
You headbutt the wight. You hit the wight but do no damage.
The wight is almost destroyed.
The wight hits you with a +2 spear!
You die...

#.# #.........<.......... #.#
#.################.## #.# #.#
#........ #.# #.#
######.####### #.### #.#
#.......# #...# ##.#
#.####..###### ###.###..#
#.#...........
#.##...######.#.##..####.#
#.##.....@z.....##..# #.#
#.##...######.####..####.#
#.###.## #.# #........
##.###.# #.# #.#......
#...##รท# #.# #.#....._
###...##.# #.####.#......
#........# #.............
#........###########.........
#..................##.#...#..


You could see a wight.

Vanquished Creatures
  A wight (D:2)
  A gnoll (D:1)
  An adder (D:2)
  A worm (D:2)
  4 bats (D:2)
  An endoplasm (D:2)
  A giant cockroach (D:2)
  4 goblins
  4 hobgoblins
  2 jackals (D:1)
  2 kobolds (D:1)
  A quokka (D:2)
  4 ball pythons
  2 frilled lizards (D:2)
  4 rats
33 creatures vanquished.

Notes
Turn   | Place    | Note
-------+----------+-------------------------------------------
     0 | D:1      | pkoi the Minotaur Gladiator began the quest for the Orb.
     0 | D:1      | Reached XP level 1. HP: 18/18 MP: 0/0
   194 | D:1      | Reached skill level 4 in Axes
   295 | D:1      | Reached XP level 2. HP: 17/25 MP: 1/1
   877 | D:2      | Reached skill level 5 in Axes
  1125 | D:2      | Reached XP level 3. HP: 30/30 MP: 2/2
  1615 | D:2      | Found a faded altar of an unknown god.
  1659 | D:2      | Became a worshipper of Cheibriados the Contemplative
  1659 | D:2      | Reached * piety under Cheibriados
  2065 | D:2      | Reached skill level 1 in Unarmed Combat
  2065 | D:2      | Reached skill level 1 in Invocations
  2065 | D:2      | Reached XP level 4. HP: 24/37 MP: 3/3
  2207 | D:2      | Slain by a wight

Illustrated notes

Levels and vault maps discovered:
D:1:      roderic_octagonal_star, layout_basic, minmay_tromino_v2
D:2:      layout_loops_ring, hellmonk_ecumenical_altar_lost_god
D:3:      layout_loops_ring, worldfamousw_hep_ancestral_shrine,
          minmay_misc_feat_square, dk_vineyard_1, minmay_misc_feat_encased,
          chequers_serial_rivers_small_a, lightli_corner_chamber

Skill      XL: |  1  2  3 |
---------------+----------+-----
Axes           | 4 5 |  5.6
Unarmed Combat | 1 |  1.7
Invocations    | 1 |  1.3
Fighting       | |  2.4
Throwing       | |  2.0
Dodging        | |  3.2

Action                   |  1- 3 |  4- 6 || total
-------------------------+-------+-------++-------
Melee: War axe           |    77 |     5 ||    82
       Headbutt          |    11 |       ||    11
  Use: Scroll            |     1 |       ||     1
Armor: Leather armour    |    22 |       ||    22
Dodge: Dodged            |    62 |    18 ||    80
